 Dungeon Crawl Stone Soup version 0.29-a0-664-gff9cad4a3d (webtiles) character file.

Game seed: 6218620125351787864

110 happo123 the Gusty (level 4, -3/25 HPs)
             Began as a Tengu Air Elementalist on June 22, 2022.
             Hit by a silver javelin thrown by a gnoll (4 damage)
             ... on level 2 of the Dungeon.
             The game lasted 00:08:40 (1012 turns).

happo123 the Gusty (Tengu Air Elementalist)         Turns: 1012, Time: 00:08:41

Health: -3/25      AC:  2    Str:  8    XL:     4   Next: 91%
Magic:  1/8        EV: 12    Int: 18    God:
Gold:   85         SH:  0    Dex: 14    Spells: 1/7 levels left

rFire   x . .      SeeInvis .   g - staff of air
rCold   + . .      Faith    .   (no shield)
rNeg    . . .      Spirit   .   a - +0 robe
rPois   .          Reflect  .   (helmet restricted)
rElec   +          Harm     .   (no cloak)
rCorr   .          Rampage  .   (no gloves)
Will    .....                   (boots unavailable)
Stlth   ++........              (no amulet)
HPRegen 0.08/turn               d - ring of ice
MPRegen 0.11/turn               (no ring)

@: no status effects
A: beak, talons 3
a: no special abilities


You were on level 2 of the Dungeon.
You visited 1 branch of the dungeon, and saw 2 of its levels.

You collected 85 gold pieces.

Inventory:

Hand Weapons
 c - a +0 dagger
Armour
 a - a +0 robe (worn)
Magical Staves
 g - a staff of air (weapon)
Jewellery
 d - a ring of ice (left hand)
Scrolls
 f - a scroll of identify {unknown}
Potions
 b - a potion of magic
 e - 3 potions of curing {unknown}


   Skills:
 + Level 1.1 Fighting
 + Level 2.7 Dodging
 + Level 2.4 Stealth
 + Level 2.3 Spellcasting
 * Level 3.3 Conjurations
 * Level 5.0 Air Magic


You had one spell level left.
You knew the following spells:

 Your Spells              Type           Power      Damage    Failure   Level
a - Shock                 Conj/Air       100%       1d9       3%          1
b - Static Discharge      Conj/Air       25%        N/A       4%          2
c - Swiftness             Air            30%        N/A       7%          3

Your spell library contained the following spells:

 Spells                   Type           Power      Damage    Failure   Level
 Airstrike                Air            15%        N/A       22%         4


Dungeon Overview and Level Annotations

Branches:
Dungeon (2/15)

Altars:


Innate Abilities, Weirdness & Mutations

You have a beak for a mouth.
You have claws for feet.


Message History

The gnoll is lightly wounded.
The zap misses the gnoll.
The gnoll hits you from afar with a +0 halberd!
Aiming: Shock (safe; 3% risk of failure)
Press: ? - help, Q - select action, (/) - cycle Shift-Dir - straight line, f - gnoll, p - gnoll
Aim: a gnoll, wielding a +0 spear (77% to hit)
You feel a surge of power!
The zap hits the gnoll!
You kill the gnoll!
The zap hits the gnoll.
The gnoll is moderately wounded.
The zap hits the gnoll.
The gnoll is lightly wounded.
The zap hits the gnoll.
The gnoll is lightly wounded.
Your Air Magic skill increases to level 5!
The gnoll throws a silver javelin.
The silver javelin pierces through you.
Aiming: Shock (safe; 3% risk of failure)
Press: ? - help, Q - select action, (/) - cycle Shift-Dir - straight line You feel a surge of power!
The zap hits the gnoll.
The gnoll is heavily wounded.
The zap hits the gnoll.
The gnoll is heavily wounded.
Aiming: Shock (safe; 3% risk of failure)
Press: ? - help, Q - select action, (/) - cycle Shift-Dir - straight line You feel a surge of power!
The zap hits the gnoll.
You kill the gnoll!
The zap hits the gnoll.
The gnoll is moderately wounded.
The zap misses the gnoll.
Aiming: Shock (safe; 3% risk of failure)
Press: ? - help, Q - select action, (/) - cycle Shift-Dir - straight line You feel a surge of power!
The zap hits the gnoll.
The gnoll is heavily wounded.
The zap hits the gnoll.
The gnoll is almost dead.
The gnoll throws a silver javelin.
The silver javelin closely misses you.
The gnoll throws a silver javelin.
The silver javelin pierces through you!
* * * LOW HITPOINT WARNING * * *
x2 The gnoll throws a silver javelin.
The silver javelin pierces through you.
You die...

###......###...#
#......#)###...# #.....
#.#.+...#
#....###g..#...#
#....#..g..#...#
####....#.....##...
#.......#.....#
#............##...#
#......@..#...#...##.
..........#..†......
.........#...###.#...# .
.............# #.....##..
.............# #.........
......#......###.........
.....#....#......<......
##...#....#.##....###..
#...........##.....###


You could see 2 gnolls.

Vanquished Creatures
  Terence (D:2)
  3 gnolls
  An adder (D:1)
  A worm (D:1)
  A dart slug (D:1)
  2 ball pythons
  7 bats
  4 endoplasms
  6 goblins
  3 hobgoblins
  4 jackals (D:2)
  3 kobolds
  A quokka (D:2)
  A frilled lizard (D:2)
  2 rats (D:1)
40 creatures vanquished.

Notes
Turn   | Place    | Note
-------+----------+-------------------------------------------
     0 | D:1      | happo123 the Tengu Air Elementalist began the quest for the
                  | Orb.
     0 | D:1      | Reached XP level 1. HP: 10/10 MP: 4/4
     2 | D:1      | Noticed a human
     2 | D:1      | Noticed a minotaur
     4 | D:1      | Noticed an octopode
     4 | D:1      | Noticed a merfolk
     6 | D:1      | Noticed a troll
     8 | D:1      | Noticed a gargoyle
    10 | D:1      | Noticed a draconian
    12 | D:1      | Noticed a spriggan
    12 | D:1      | Noticed a formicid
    14 | D:1      | Noticed a felid
    14 | D:1      | Noticed a ghoul
    16 | D:1      | Noticed a demigod
    16 | D:1      | Noticed an elf
    18 | D:1      | Noticed a demonspawn
    18 | D:1      | Noticed a vampire
    20 | D:1      | Noticed a naga
    20 | D:1      | Noticed a vine stalker
    22 | D:1      | Noticed an ogre
    24 | D:1      | Noticed a tengu
    26 | D:1      | Noticed a dwarf
    63 | D:1      | Reached XP level 2. HP: 14/15 MP: 0/6
   276 | D:1      | Reached XP level 3. HP: 20/20 MP: 4/7
   279 | D:1      | Learned a level 2 spell: Static Discharge
   283 | D:1      | Learned a level 3 spell: Swiftness
   693 | D:2      | Noticed Terence
   801 | D:2      | Killed Terence
   802 | D:2      | Reached skill level 1 in Fighting
   802 | D:2      | Reached XP level 4. HP: 14/25 MP: 1/8
   999 | D:2      | Reached skill level 5 in Air Magic
  1008 | D:2      | HP: 1/25 [gnoll/silver javelin (1)]
  1012 | D:2      | Hit by a silver javelin thrown by a gnoll

Illustrated notes

Levels and vault maps discovered:
D:1:      kb_arrival_jail, layout_loops_ring, st_stairs_1,
          minmay_misc_feat_square, corner_web_ring
D:2:      layout_basic, uniq_terence

Skill      XL: |  1  2  3  4 |
---------------+-------------+-----
Conjurations   | 2 3 |  3.3
Fighting       | 1 |  1.1
Air Magic      | 5 |  5.0
Dodging        | |  2.7
Stealth        | |  2.4
Spellcasting   | |  2.3

Action                   |  1- 3 |  4- 6 || total
-------------------------+-------+-------++-------
Melee: Dagger            |    32 |     4 ||    36
       Peck              |     5 |     1 ||     6
       Kick              |     5 |       ||     5
       Unarmed           |     1 |       ||     1
       Staff             |       |     1 ||     1
 Cast: Shock             |    31 |    11 ||    42
       Static Discharge  |     2 |     1 ||     3
 Stab: Sleeping          |     3 |       ||     3
Armor: Robe              |    15 |     2 ||    17
Dodge: Dodged            |    34 |     9 ||    43

Table legend: (Time is in decaauts)
 A = Elapsed time spent in this place.
 B = Non-inter-level travel time spent in this place.
 C = Inter-level travel time spent in this place.
 D = Time resting spent in this place.
 E = Time spent auto-exploring this place.
 F = Levels seen in this place.
 G = Mean time per level.
                   A        B        C        D        E       F      G
               +--------+--------+--------+--------+--------+-----+--------+
         Total |   1012 |    804 |    208 |    201 |    322 |   2 |  506.0 |
       Dungeon |   1012 |    804 |    208 |    201 |    322 |   2 |  506.0 |
               +--------+--------+--------+--------+--------+-----+--------+

Top non-repeatable levels by time:
     D:1: 900 daAuts
     D:2: 112 daAuts
